 Dungeon Crawl Stone Soup version 0.31-a0-149-g3fdcc5976a (webtiles) character file.

Game seed: 1345408569196717572

139031 qw the Marksminotaur (level 16, -26/157 HPs)
             Began as a Minotaur Hunter on June 7, 2023.
             Was a High Priest of Okawaru.
             Blown up by an orb spider (76 damage)
             ... with an orb of destruction
             ... on level 1 of the Spider Nest.
             The game lasted 00:12:43 (22342 turns).

qw the Marksminotaur (Minotaur Hunter)             Turns: 22342, Time: 00:12:44

Health: -26/157    AC: 20    Str: 15      XL:     16   Next: 72%
Magic:  15/20      EV: 38    Int:  5 (6)  God:    Okawaru [*****.]
Gold:   1978       SH:  0    Dex: 31      Spells: 15/15 levels left

rFire   + . .        e - +2 longbow of Integrity {speed, Str+3}
rCold   + . .        (shield currently unavailable)
rNeg    . . .        u - +3 leather armour "Dutopt" {rPois}
rPois   +            (helmet restricted)
rElec   .            q - +2 cloak
rCorr   .            x - +1 pair of gloves of Yhywosch {rF+ Str-3 Dex+2}
SInv    .            y - +1 pair of boots of the Resonant Frog {rC+ Stlth+}
Will    +....        j - amulet of faith
Stlth   +++++        k - +4 ring of protection
HPRegen 0.46/turn    f - +6 ring of dexterity
MPRegen 0.17/turn

%: faith
@: heroic, finesse-ful
A: horns 2, retaliatory headbutt, low MP 1
a: Renounce Religion, Heroism, Finesse, Duel


You were on level 1 of the Spider Nest.
You worshipped Okawaru.
Okawaru was extremely pleased with you.
You visited 6 branches of the dungeon, and saw 27 of its levels.
You also visited: Sewer and Gauntlet.

You collected 2722 gold pieces.
You spent 744 gold pieces at shops.


Innate Abilities, Weirdness & Mutations

You have a pair of horns on your head.
You reflexively headbutt those who attack you in melee.
Your magical capacity is low. (-10% MP)


   Skills:
 - Level 18.0(23.0) Fighting
 - Level 20.0(25.0) Ranged Weapons
 - Level 8.1(13.1) Armour
 + Level 17.6(22.6) Dodging
 - Level 0.7(5.7) Stealth
 - Level 10.0 Invocations


You had 15 spell levels left.
You didn't know any spells.
Your spell library was empty.

Inventory:

Hand Weapons
 e - the +2 longbow of Integrity (weapon) {speed, Str+3}
   (You acquired it on level 1 of the Dungeon)

   Str:       It affects your strength (+3).
 w - a +3 longbow of flaming
 z - the +6 longbow of Extermination {antimagic, rF- Dex+5}
   (You acquired it on level 3 of the Swamp)

   Dex:       It affects your dexterity (+5).
   rF:        It makes you vulnerable to fire.
Armour
 c - the +1 robe "Emuza" {rC+ SInv}
   (You found it on level 3 of the Dungeon)

   rC:        It protects you from cold.
   SInv:      It lets you see invisible.
 m - a +2 pair of boots
 o - a +0 troll leather armour
 q - a +2 cloak (worn)
 u - the +3 leather armour "Dutopt" (worn) {rPois}
   (You found it on level 2 of the Lair of Beasts)

   rPois:     It protects you from poison.
 x - the +1 pair of gloves of Yhywosch (worn) {rF+ Str-3 Dex+2}
   (You found it in a Gauntlet)

   Str:       It affects your strength (-3).
   Dex:       It affects your dexterity (+2).
   rF:        It protects you from fire.
 y - the +1 pair of boots of the Resonant Frog (worn) {rC+ Stlth+}
   (You bought it in a shop on level 14 of the Dungeon)

   rC:        It protects you from cold.
   Stlth:     It makes you more stealthy.
Jewellery
 f - a +6 ring of dexterity (right hand)
 j - an amulet of faith (around neck)
 k - a +4 ring of protection (left hand)
 p - a ring of poison resistance
 v - an amulet of reflection
Wands
 A - a wand of digging (7)
Scrolls
 d - 10 scrolls of teleportation
 g - 15 scrolls of identify
 n - 4 scrolls of enchant weapon
 s - 2 scrolls of enchant armour
 t - a scroll of brand weapon
Potions
 a - 4 potions of mutation
 b - 4 potions of might
 h - 5 potions of haste
 i - a potion of resistance
 l - 15 potions of curing
 r - 7 potions of heal wounds

Dungeon Overview and Level Annotations

Branches:
Dungeon (15/15)            Temple (1/1) D:4            Lair (5/5) D:9
  Swamp (3/4) Lair:3       Spider (1/4) Lair:3        Slime (0/5) Lair:4
    Orc (2/2) D:9             Elf (0/3) Orc:2        Vaults (0/5) D:13
 Depths (0/4) D:15          Sewer (visited)         Gauntlet (visited)

Altars:
Ashenzari
Cheibriados
Dithmenos
Elyvilon
Fedhas
Gozag
Hepliaklqana
Kikubaaqudgha
Makhleb
Nemelex Xobeh
Okawaru
Qazlal
Ru
Sif Muna
Trog
Uskayaw
Vehumet
Wu Jian
Xom
Yredelemnul
Zin
The Shining One
Jiyva

Shops:
D:14 [   Orc:2 ?!:(

Portals:
Abyss: D:7
Pandemonium: Orc:2
Trove: D:13 (give 7 scrolls of blinking)

Annotations:
D:6 2 transporters
D:7 2 transporters, qw's ghost, novice MiHu
D:11 2 transporters
Lair:1 1 runed translucent door, qw's ghost, journeyman MiHu
Lair:3 3 runed translucent doors, qw's ghost, journeyman MiHu
Lair:5 2 transporters, qw's ghost, journeyman GrFi
Orc:1 3 runed translucent doors, blexxed's ghost, journeyman DsFi


Message History

The arrow barely misses the wolf spider.
You shoot an arrow. The arrow hits the wolf spider.
The wolf spider is moderately wounded.
You shoot an arrow.
The arrow barely misses the wolf spider.
The jumping spider leaps!
You shoot an arrow. The arrow hits the jumping spider!!
You kill the jumping spider!
Okawaru accepts your kill.
You shoot an arrow. The arrow hits the wolf spider.
The wolf spider is moderately wounded.
The orb spider begins to weave its threads into a brightly glowing ball.
You shoot an arrow.
The arrow closely misses the wolf spider.
The arrow hits the orb spider.
The orb spider is moderately wounded.
You shoot an arrow. The arrow hits the wolf spider.
The wolf spider is heavily wounded.
You shoot an arrow.
The arrow closely misses the wolf spider.
You shoot an arrow. The arrow hits the wolf spider!
The wolf spider is severely wounded.
The orb spider weaves a glowing orb of energy.
An orb of destruction comes into view.
You shoot an arrow. The arrow hits the wolf spider!!
You kill the wolf spider!
Okawaru accepts your kill.
You shoot an arrow. The arrow barely misses the orb spider.
You shoot an arrow. The arrow hits the orb spider!!
The orb spider is heavily wounded.
The orb spider weaves a glowing orb of energy.
An orb of destruction comes into view.
The orb of destruction hits you!!!
You shoot an arrow. The arrow hits the orb spider!!
You kill the orb spider!
Okawaru accepts your kill.
A wolf spider comes into view.
You shoot an arrow. The arrow barely misses the orb spider.
The orb of destruction hits you!!!!
You die...

.[ ##0 #.s # #.. ^.
#..# . #......$ ... .#
^#...#. .. s.. .%. ..
.##.... ##.. .#ss....^
.#
...###%0#...##..###..
#.#.%(00......#.... #
##.#.@0%.#.#......# ..
##.....##.....#..#.#...
#.>...#...#...#........
##...#........##..# .#.
##....#...^#.#...#..#.
##.##.#(.#.#..#....#..
##.#.......#..#..####..
#.............##.....#.
#...##.....##^.#.......


You could see a wolf spider and an orb spider.

Vanquished Creatures
  Nikola (Swamp:2)
  2 tentacled monstrosities (Swamp:1)
  Rupert (D:13)
  Gastronok (D:9)
  Kirke (Lair:5)
  Roxanne (Swamp:1)
  A fire giant (D:15)
  Louise (Swamp:2)
  A ghost moth (Lair:3)
  A stone giant (D:10)
  Nessos (D:13)
  4 eleionomae
  A bunyip (Swamp:3)
  A minotaur (Gauntlet)
  An entropy weaver (shapeshifter) (D:13)
  15 hydras
  A spriggan air mage (Swamp:3)
  A rakshasa (D:15)
  An ogre mage (Orc:1)
  A ghost crab (Swamp:2)
  2 demonspawn (Orc:2)
  7 alligators
  6 two-headed ogres
  6 centaur warriors
  8 death yaks (Lair:4)
  A demonic crawler (Lair:3)
  2 boulder beetles
  4 orc high priests (Orc:2)
  Urug (Lair:4)
  A soul eater (Orc:2)
  7 spriggans
  4 skysharks
  A fire crab (Gauntlet)
  2 sun moths (Spider:1)
  A goliath frog (Swamp:2)
  3 spriggan druids
  An orb spider (Spider:1)
  6 bog bodies
  3 large abominations (Gauntlet)
  A swamp dragon (Swamp:2)
  A mana viper (shapeshifter) (D:15)
  6 orc knights
  2 wolf spiders (Spider:1)
  A deep elf pyromancer (D:15)
  A deep elf zephyrmancer (D:14)
  7 orc sorcerers (Orc:2)
  A steelbarb worm (Lair:3)
  15 ugly things
  An oklob plant (Lair:2)
  4 cyclopes
  A manticore (D:13)
  5 elephants (Lair:3)
  4 will-o-the-wisps
  9 black mambas
  2 efreet
  Maggie (Lair:2)
  11 cane toads
  2 torpor snails (Spider:1)
  12 komodo dragons
  2 rime drakes
  3 trolls
  A bloated husk (Swamp:3)
  A hellwing (Orc:2)
  5 tyrant leeches
  6 hornets
  12 polar bears
  A tarantella (shapeshifter) (D:14)
  7 tarantellas (Spider:1)
  2 raiju (Lair:5)
  4 dream sheep (Lair:3)
  16 blink frogs
  3 jumping spiders (Spider:1)
  Sigmund (D:5)
  8 slime creatures
  5 culicivoras (Spider:1)
  36 yaks
  2 shadows
  A vampire (D:8)
  5 wyverns
  2 wraiths
  2 hogs (Lair:5)
  4 basilisks
  6 fire bats (Gauntlet)
  A yak (shapeshifter) (D:14)
  2 chaos spawn (Orc:2)
  A basilisk (shapeshifter) (D:13)
  17 humans
  8 redbacks (Spider:1)
  Edmund (D:5)
  9 vampire mosquitoes
  A neqoxec (Orc:2)
  A steam dragon (D:8)
  9 wargs
  12 swamp worms
  5 acid dragons
  9 water moccasins
  15 hell hounds
  30 orc warriors
  2 sky beasts (D:7)
  14 black bears
  3 ice beasts (D:8)
  A black bear (shapeshifter) (D:15)
  4 centaurs
  13 ogres
  4 small abominations (Gauntlet)
  29 wolves
  A phantom (D:5)
  2 kobold brigands
  6 scorpions (Lair:3)
  A gnoll sergeant (D:10)
  10 bullfrogs
  3 wights (D:7)
  8 killer bees
  4 electric eels
  2 howler monkeys (D:9)
  2 hounds
  5 jellies
  A gnoll bouda (D:7)
  31 orc priests
  An iguana (D:5)
  A sleepcap (D:4)
  14 orc wizards
  A hell rat (Sewer)
  A statue (D:6)
  11 gnolls
  6 adders
  5 river rats
  3 white imps (D:7)
  2 worms
  5 dart slugs
  69 orcs
  11 ball pythons
  4 bats (D:1)
  9 endoplasms
  6 giant cockroaches
  7 goblins
  9 hobgoblins
  13 kobolds
  7 quokkas
  A frilled lizard (D:1)
  15 rats
794 creatures vanquished.

Vanquished Creatures (others)
  4 foxfires (Swamp:2)
4 creatures vanquished.

Grand Total: 798 creatures vanquished

Notes
Turn   | Place    | Note
-------+----------+-------------------------------------------
     0 | D:1      | qw the Minotaur Hunter began the quest for the Orb.
     0 | D:1      | Reached XP level 1. HP: 18/18 MP: 0/0
     0 | D:1      | 0 ||| qw: Version: 0.2-a-117-gc6b5c8b
     0 | D:1      | 0 ||| qw: Game counter: 2631
     0 | D:1      | 0 ||| qw: Always use a shield: true
     0 | D:1      | 0 ||| qw: God list: Okawaru
     0 | D:1      | 0 ||| qw: Allow faded altars: false
     0 | D:1      | 0 ||| qw: Do Orc after D:15 true
     0 | D:1      | 0 ||| qw: Do second Lair branch before Depths: true
     0 | D:1      | 0 ||| qw: Lair rune preference: random
     0 | D:1      | 0 ||| qw: Plans: Normal
     0 | D:1      | 0 ||| PLANNING D:1-11
   165 | D:1      | Reached XP level 2. HP: 25/25 MP: 1/1
   253 | D:1      | Reached skill level 5 in Ranged Weapons
   478 | D:1      | Reached skill level 3 in Fighting
   730 | D:1      | Reached XP level 3. HP: 31/31 MP: 2/2
   849 | D:1      | 849 ||| READING 2 scrolls labelled WIOSAO DUSI.
   850 | D:1      | 850 ||| READING scroll labelled QUEPHAR TOEN.
   951 | D:1      | 951 ||| READING scroll labelled UNU OPUISOHE.
   952 | D:1      | 952 ||| READING scroll labelled EBAOPI UGHUN.
   952 | D:1      | Identified a scroll of acquirement
   952 | D:1      | 952 ||| ACQUIRING +2 longbow of Integrity {speed, Str+3}
   952 | D:1      | Acquired the +2 longbow of Integrity {speed, Str+3}
   954 | D:1      | 954 ||| SWAPPING to +2 longbow of Integrity {speed, Str+3}.
   955 | D:1      | 955 ||| DROPPING +0 shortbow.
   956 | D:1      | 956 ||| DROPPING scroll of amnesia.
   957 | D:1      | 957 ||| DROPPING scroll of butterflies.
  1194 | D:2      | Reached skill level 6 in Ranged Weapons
  1194 | D:2      | Reached XP level 4. HP: 38/38 MP: 3/3
  1232 | D:2      | Identified the +5 kite shield of Yvefric {Harm rElec rCorr
                  | Stlth+}
  1464 | D:2      | Found Cusa's Distillery.
  1563 | D:2      | 1563 ||| UPGRADING to +0 ring mail.
  1573 | D:2      | 1573 ||| DROPPING +0 leather armour.
  1574 | D:2      | 1574 ||| UPGRADING to +4 ring of protection.
  1575 | D:2      | 1575 ||| READING scroll labelled BOHAEGE IFEL.
  1578 | D:2      | 1578 ||| READING scroll labelled QIURAY OCIRU.
  1579 | D:2      | 1579 ||| DRINKING 2 white potions.
  1580 | D:2      | 1580 ||| READING 5 scrolls of identify.
  1580 | D:2      | 1580 ||| IDENTIFYING yellow potion
  1581 | D:2      | 1581 ||| READING 4 scrolls of identify.
  1581 | D:2      | 1581 ||| IDENTIFYING bubbling black potion
  1582 | D:2      | 1582 ||| READING 3 scrolls of identify.
  1582 | D:2      | 1582 ||| IDENTIFYING dark potion
  1583 | D:2      | 1583 ||| DROPPING potion of enlightenment.
  1584 | D:2      | 1584 ||| DROPPING potion of degeneration.
  1621 | D:3      | Identified the +1 robe "Emuza" {rC+ SInv}
  1740 | D:3      | Reached skill level 1 in Armour
  2164 | D:3      | 2164 ||| UPGRADING to +1 robe "Emuza" {rC+ SInv}.
  2174 | D:3      | 2174 ||| UPGRADING to amulet of faith.
  2179 | D:3      | 2179 ||| UPGRADING to +6 ring of dexterity.
  2180 | D:3      | 2180 ||| READING scroll labelled ZUUZ LEQUCVA.
  2181 | D:3      | 2181 ||| READING scroll labelled LIUPNI ZUOH.
  2182 | D:3      | 2182 ||| READING scroll labelled GATUSIA NOHA.
  2183 | D:3      | 2183 ||| READING 2 scrolls of identify.
  2183 | D:3      | 2183 ||| IDENTIFYING black potion
  2184 | D:3      | 2184 ||| DROPPING potion of magic.
  2205 | D:4      | 2205 ||| PLANNING SEWER
  2229 | D:4      | Found a staircase to the Ecumenical Temple.
  2277 | D:4      | Reached skill level 3 in Dodging
  2346 | D:4      | Reached XP level 5. HP: 46/46 MP: 4/4
  2505 | D:4      | Found an opulent altar of Gozag.
  2664 | D:4      | Found a glowing drain.
  2665 | D:4      | 2665 ||| READING scroll labelled KOATIMMOEWK.
  2669 | Sewer    | Entered a sewer
  2698 | Sewer    | 2698 ||| Stepping ~*~*~tactically~*~*~ (water).
  2701 | Sewer    | HP: 10/43 [hell rat (8)]
  2702 | Sewer    | 2702 ||| DRINKING potion of heal wounds.
  2804 | Sewer    | 2804 ||| READING 2 scrolls of identify.
  2804 | Sewer    | 2804 ||| IDENTIFYING metallic inky potion
  2805 | Sewer    | 2805 ||| DROPPING potion of lignification.
  2816 | D:4      | 2816 ||| PLANNING TEMPLE
  2897 | Temple   | Entered the Ecumenical Temple
  2952 | Temple   | 2952 ||| PLANNING OKAWARU WORSHIP
  3023 | Temple   | Became a worshipper of Warmaster Okawaru
  3023 | Temple   | 3023 ||| PLANNING D:1-11
  3196 | D:4      | Noticed an ogre
  3198 | D:4      | Killed an ogre
  3199 | D:4      | Reached skill level 7 in Ranged Weapons
  3199 | D:4      | Reached XP level 6. HP: 48/52 MP: 5/5
  3378 | D:5      | Entered Level 5 of the Dungeon
  3446 | D:5      | Reached * piety under Okawaru
  3447 | D:5      | Reached skill level 8 in Ranged Weapons
  3451 | D:5      | Noticed Sigmund
  3452 | D:5      | 3452 ||| INVOKING Heroism.
  3453 | D:5      | 3453 ||| INVOKING Heroism.
  3459 | D:5      | Killed Sigmund
  3460 | D:5      | Reached skill level 1 in Invocations
  3460 | D:5      | Reached XP level 7. HP: 60/60 MP: 3/7
  3516 | D:5      | Noticed Edmund
  3517 | D:5      | 3517 ||| INVOKING Heroism.
  3525 | D:5      | Killed Edmund
  3724 | D:5      | Reached skill level 3 in Invocations
  3770 | D:5      | Reached XP level 8. HP: 69/69 MP: 9/9
  3781 | D:5      | Found a shimmering blue altar of Sif Muna.
  3918 | D:5      | 3918 ||| READING scroll labelled KUAM DIFYZETAWK.
  3919 | D:5      | 3919 ||| READING 2 scrolls of identify.
  3919 | D:5      | 3919 ||| IDENTIFYING fuming brown potion
  3957 | D:6      | Found a shimmering altar of Xom.
  3957 | D:6      | Noticed a troll
  3960 | D:6      | Noticed a red ugly thing
  3964 | D:6      | Found a transporter.
  3969 | D:6      | 3969 ||| INVOKING Heroism.
  4062 | D:6      | Found a radiant altar of Vehumet.
  4063 | D:6      | 4063 ||| INVOKING Heroism.
  4125 | D:6      | Found a transporter.
  4150 | D:6      | 4150 ||| Stepping ~*~*~tactically~*~*~ (outnumbered).
  4210 | D:6      | 4210 ||| INVOKING Heroism.
  4213 | D:6      | Reached skill level 9 in Ranged Weapons
  4272 | D:6      | 4272 ||| INVOKING Heroism.
  4287 | D:6      | Reached skill level 6 in Fighting
  4299 | D:6      | 4299 ||| FLEEEEING.
  4304 | D:6      | 4304 ||| FLEEEEING.
  4305 | D:6      | 4305 ||| FLEEEEING.
  4306 | D:6      | 4306 ||| FLEEEEING.
  4307 | D:6      | 4307 ||| FLEEEEING.
  4308 | D:6      | 4308 ||| FLEEEEING.
  4309 | D:6      | 4309 ||| FLEEEEING.
  4310 | D:6      | 4310 ||| FLEEEEING.
  4311 | D:6      | 4311 ||| FLEEEEING.
  4312 | D:6      | 4312 ||| FLEEEEING.
  4313 | D:6      | 4313 ||| FLEEEEING.
  4314 | D:6      | 4314 ||| FLEEEEING.
  4315 | D:6      | 4315 ||| FLEEEEING.
  4316 | D:6      | 4316 ||| FLEEEEING.
  4317 | D:6      | 4317 ||| FLEEEEING.
  4323 | D:6      | 4323 ||| FLEEEEING.
  4324 | D:6      | 4324 ||| FLEEEEING.
  4328 | D:6      | 4328 ||| FLEEEEING.
  4329 | D:6      | 4329 ||| FLEEEEING.
  4330 | D:6      | 4330 ||| FLEEEEING.
  4332 | D:6      | 4332 ||| STAIRDANCE
  4408 | D:5      | 4408 ||| READING scroll labelled PEPSI ICKIMIXT.
  4409 | D:5      | 4409 ||| DRINKING 2 red potions.
  4410 | D:5      | 4410 ||| READING 2 scrolls of identify.
  4410 | D:5      | 4410 ||| IDENTIFYING clear potion
  4411 | D:5      | 4411 ||| DROPPING potion of brilliance.
  4415 | D:6      | Reached ** piety under Okawaru
  4580 | D:6      | Found a sparkling altar of Nemelex Xobeh.
  4693 | D:7      | 4693 ||| INVOKING Heroism.
  4853 | D:7      | Found a one-way gate to the infinite horrors of the Abyss.
  4853 | D:7      | Noticed qw's ghost (novice MiHu)
  4931 | D:7      | Found an ancient bone altar of Kikubaaqudgha.
  4973 | D:7      | 4973 ||| INVOKING Heroism.
  4978 | D:7      | Reached skill level 10 in Ranged Weapons
  5055 | D:7      | Reached XP level 9. HP: 78/78 MP: 11/11
  5167 | D:7      | 5167 ||| INVOKING Heroism.
  5170 | D:7      | Reached skill level 6 in Dodging
  5275 | D:7      | Found a transporter.
  5275 | D:7      | Found a transporter.
  5339 | D:7      | 5339 ||| READING 2 scrolls of identify.
  5339 | D:7      | 5339 ||| IDENTIFYING glowing blue potion
  5425 | D:8      | 5425 ||| INVOKING Heroism.
  5436 | D:8      | 5436 ||| Stepping ~*~*~tactically~*~*~ (cloud).
  5593 | D:8      | 5593 ||| INVOKING Heroism.
  5713 | D:8      | 5713 ||| INVOKING Heroism.
  5718 | D:8      | Reached skill level 11 in Ranged Weapons
  5839 | D:8      | Found a glowing golden altar of the Shining One.
  5908 | D:8      | 5908 ||| INVOKING Heroism.
  6105 | D:8      | Reached *** piety under Okawaru
  6154 | D:8      | Reached skill level 12 in Ranged Weapons
  6217 | D:8      | 6217 ||| UPGRADING to +2 cloak.
  6244 | D:9      | 6244 ||| INVOKING Heroism.
  6247 | D:9      | 6247 ||| Stepping ~*~*~tactically~*~*~ (outnumbered).
  6266 | D:9      | Found a staircase to the Lair.
  6266 | D:9      | Noticed a komodo dragon
  6270 | D:9      | 6270 ||| INVOKING Heroism.
  6272 | D:9      | Killed a komodo dragon
  6273 | D:9      | Reached XP level 10. HP: 65/88 MP: 9/12
  6273 | D:9      | 6273 ||| Stepping ~*~*~tactically~*~*~ (outnumbered).
  6274 | D:9      | 6274 ||| Stepping ~*~*~tactically~*~*~ (outnumbered).
  6278 | D:9      | 6278 ||| Stepping ~*~*~tactically~*~*~ (outnumbered).
  6424 | D:9      | 6424 ||| INVOKING Heroism.
  6446 | D:9      | Reached skill level 13 in Ranged Weapons
  6475 | D:9      | Found a stormy altar of Qazlal.
  6519 | D:9      | Noticed a brown ugly thing
  6520 | D:9      | Noticed a deep elf pyromancer
  6520 | D:9      | Noticed a two-headed ogre
  6541 | D:9      | Reached **** piety under Okawaru
  6748 | D:9      | Noticed Gastronok
  6749 | D:9      | 6749 ||| INVOKING Heroism.
  6762 | D:9      | Killed Gastronok
  6797 | D:9      | Reached ***** piety under Okawaru
  6879 | D:9      | 6879 ||| INVOKING Heroism.
  6879 | D:9      | Noticed a two-headed ogre
  6890 | D:9      | Killed a two-headed ogre
  6952 | D:9      | Found a staircase to the Orcish Mines.
  7059 | D:9      | 7059 ||| PLANNING LAIR
  7059 | D:9      | 7059 ||| DROPPING +0 ring mail.
  7060 | D:9      | 7060 ||| DROPPING ring of wizardry.
  7061 | D:9      | 7061 ||| READING 2 scrolls labelled YWKUIRROUHA.
  7062 | D:9      | 7062 ||| READING 3 scrolls of identify.
  7062 | D:9      | 7062 ||| IDENTIFYING puce potion
  7063 | D:9      | 7063 ||| READING 2 scrolls of identify.
  7063 | D:9      | 7063 ||| IDENTIFYING sedimented puce potion
  7064 | D:9      | 7064 ||| DROPPING potion of ambrosia.
  7065 | D:9      | 7065 ||| DROPPING potion of berserk rage.
  7066 | D:9      | 7066 ||| DROPPING scroll of fog.
  7116 | Lair:1   | Entered Level 1 of the Lair of Beasts
  7116 | Lair:1   | Noticed a cane toad
  7117 | Lair:1   | 7117 ||| INVOKING Heroism.
  7131 | Lair:1   | Killed a cane toad
  7147 | Lair:1   | 7147 ||| STAIRDANCE
  7196 | Lair:1   | Noticed a cane toad
  7197 | Lair:1   | 7197 ||| INVOKING Heroism.
  7203 | Lair:1   | Killed a cane toad
  7203 | Lair:1   | Received a gift from Okawaru
  7204 | Lair:1   | Reached XP level 11. HP: 101/101 MP: 11/14
  7248 | Lair:1   | 7248 ||| INVOKING Heroism.
  7256 | Lair:1   | Reached skill level 6 in Invocations
  7354 | Lair:1   | Noticed a seven-headed hydra
  7355 | Lair:1   | 7355 ||| INVOKING Heroism.
  7356 | Lair:1   | 7356 ||| INVOKING Finesse.
  7360 | Lair:1   | Killed a seven-headed hydra
  7360 | Lair:1   | Received a gift from Okawaru
  7493 | Lair:1   | 7493 ||| INVOKING Heroism.
  7559 | Lair:1   | 7559 ||| INVOKING Heroism.
  7569 | Lair:1   | Reached skill level 14 in Ranged Weapons
  7588 | Lair:1   | Noticed qw's ghost (journeyman MiHu)
  7589 | Lair:1   | Found a runed translucent door.
  7809 | Lair:1   | 7809 ||| DROPPING +6 ring of intelligence.
  7810 | Lair:1   | 7810 ||| READING scroll labelled QAIKLIBAKY.
  7812 | Lair:1   | 7812 ||| Stepping ~*~*~tactically~*~*~ (cloud).
  7954 | Lair:2   | Identified the scarf of the Old and Reckless {shadows, rN+}
                  | (Okawaru gifted it to you on level 2 of the Lair of Beasts)
  7954 | Lair:2   | Received a gift from Okawaru
  8031 | Lair:2   | Noticed Maggie
  8036 | Lair:2   | Killed Maggie
  8052 | Lair:2   | 8052 ||| INVOKING Heroism.
  8063 | Lair:2   | Reached skill level 9 in Dodging
  8143 | Lair:2   | Identified the +3 leather armour "Dutopt" {rPois}
  8372 | Lair:2   | 8372 ||| INVOKING Heroism.
  8417 | Lair:2   | Reached skill level 9 in Invocations
  8444 | Lair:2   | Noticed an oklob plant
  8445 | Lair:2   | 8445 ||| INVOKING Heroism.
  8446 | Lair:2   | 8446 ||| INVOKING Finesse.
  8456 | Lair:2   | Killed an oklob plant
  8509 | Lair:2   | Reached XP level 12. HP: 78/107 MP: 17/17
  8599 | Lair:2   | 8599 ||| INVOKING Heroism.
  9007 | Lair:2   | 9007 ||| UPGRADING to +0 pair of gloves.
  9012 | Lair:2   | 9012 ||| DROPPING scarf of the Old and Reckless {shadows,
                  | rN+}.
  9013 | Lair:2   | 9013 ||| DROPPING +0 leather armour of willpower.
  9014 | Lair:2   | 9014 ||| DROPPING +0 acid dragon scales.
  9015 | Lair:2   | 9015 ||| UPGRADING to +3 leather armour "Dutopt" {rPois}.
  9025 | Lair:2   | 9025 ||| READING 2 scrolls of enchant armour.
  9025 | Lair:2   | 9025 ||| ENCHANTING +0 pair of gloves.
  9026 | Lair:2   | 9026 ||| READING scroll of enchant armour.
  9026 | Lair:2   | 9026 ||| ENCHANTING +1 pair of gloves.
  9064 | Lair:3   | 9064 ||| INVOKING Heroism.
  9105 | Lair:3   | Found a runed translucent gate.
  9111 | Lair:3   | Found a runed translucent gate.
  9112 | Lair:3   | Found a runed translucent gate.
  9112 | Lair:3   | Noticed qw's ghost (journeyman MiHu)
  9132 | Lair:3   | Reached skill level 3 in Armour
  9145 | Lair:3   | Reached skill level 15 in Ranged Weapons
  9151 | Lair:3   | 9151 ||| Stepping ~*~*~tactically~*~*~ (outnumbered).
  9164 | Lair:3   | 9164 ||| INVOKING Heroism.
  9172 | Lair:3   | HP: 23/107 [skyshark (5)]
  9173 | Lair:3   | 9173 ||| READING 5 scrolls of teleportation.
  9174 | Lair:3   | 9174 ||| DRINKING potion of heal wounds.
  9243 | Lair:3   | 9243 ||| INVOKING Heroism.
  9244 | Lair:3   | Noticed a boulder beetle
  9245 | Lair:3   | 9245 ||| INVOKING Finesse.
  9256 | Lair:3   | Killed a boulder beetle
  9287 | Lair:3   | Reached skill level 16 in Ranged Weapons
  9425 | Lair:3   | Found a hole to the Spider Nest.
  9439 | Lair:3   | Received a gift from Okawaru
  9521 | Lair:3   | 9521 ||| INVOKING Heroism.
  9650 | Lair:3   | 9650 ||| INVOKING Heroism.
  9656 | Lair:3   | Noticed a four-headed hydra
  9657 | Lair:3   | 9657 ||| INVOKING Finesse.
  9663 | Lair:3   | Killed a four-headed hydra
  9666 | Lair:3   | Noticed a four-headed hydra
  9672 | Lair:3   | Killed a four-headed hydra
  9696 | Lair:3   | 9696 ||| INVOKING Heroism.
  9739 | Lair:3   | Found a staircase to the Swamp.
  9951 | Lair:3   | 9951 ||| DROPPING ring of magical power.
  9981 | Lair:4   | 9981 ||| INVOKING Heroism.
 10050 | Lair:4   | Noticed a death yak
 10050 | Lair:4   | Noticed a death yak
 10051 | Lair:4   | 10051 ||| INVOKING Heroism.
 10052 | Lair:4   | 10052 ||| INVOKING Finesse.
 10052 | Lair:4   | Noticed a death yak
 10053 | Lair:4   | 10053 ||| INVOKING Finesse.
 10055 | Lair:4   | Noticed a death yak
 10060 | Lair:4   | Killed a death yak
 10061 | Lair:4   | Reached XP level 13. HP: 116/116 MP: 11/19
 10079 | Lair:4   | Reached skill level 17 in Ranged Weapons
 10104 | Lair:4   | Received a gift from Okawaru
 10110 | Lair:4   | Noticed Urug
 10135 | Lair:4   | Killed Urug
 10135 | Lair:4   | Identified the +7 dire flail "Fexteurph" {heavy, +Blink
                  | Int+4} (Okawaru gifted it to you on level 4 of the Lair of
                  | Beasts)
 10135 | Lair:4   | Received a gift from Okawaru
 10166 | Lair:4   | Found a staircase to the Slime Pits.
 10166 | Lair:4   | Found a viscous altar of Jiyva.
 10350 | Lair:4   | 10350 ||| INVOKING Heroism.
 10355 | Lair:4   | Reached skill level 18 in Ranged Weapons
 10459 | Lair:4   | 10459 ||| INVOKING Heroism.
 10499 | Lair:4   | 10499 ||| INVOKING Heroism.
 10500 | Lair:4   | 10500 ||| INVOKING Finesse.
 10564 | Lair:4   | Reached skill level 12 in Fighting
 10977 | Lair:5   | Entered Level 5 of the Lair of Beasts
 11008 | Lair:5   | 11008 ||| INVOKING Heroism.
 11126 | Lair:5   | 11126 ||| INVOKING Heroism.
 11129 | Lair:5   | 11129 ||| INVOKING Finesse.
 11231 | Lair:5   | 11231 ||| INVOKING Heroism.
 11394 | Lair:5   | 11394 ||| INVOKING Heroism.
 11413 | Lair:5   | Found a transporter.
 11417 | Lair:5   | Found a transporter.
 11419 | Lair:5   | Noticed qw's ghost (journeyman GrFi)
 11446 | Lair:5   | Noticed Kirke
 11447 | Lair:5   | 11447 ||| INVOKING Finesse.
 11451 | Lair:5   | 11451 ||| INVOKING Heroism.
 11467 | Lair:5   | Killed Kirke
 11468 | Lair:5   | Reached skill level 19 in Ranged Weapons
 11594 | Lair:5   | 11594 ||| FLEEEEING.
 11595 | Lair:5   | 11595 ||| FLEEEEING.
 11596 | Lair:5   | 11596 ||| FLEEEEING.
 11597 | Lair:5   | 11597 ||| FLEEEEING.
 11611 | Lair:5   | 11611 ||| INVOKING Heroism.
 11617 | Lair:5   | Reached XP level 14. HP: 127/127 MP: 17/20
 11766 | Lair:5   | 11766 ||| INVOKING Heroism.
 11784 | Lair:5   | 11784 ||| INVOKING Finesse.
 11824 | Lair:5   | 11824 ||| INVOKING Heroism.
 11983 | Lair:5   | 11983 ||| Stepping ~*~*~tactically~*~*~ (outnumbered).
 12058 | Lair:5   | Reached skill level 12 in Dodging
 12457 | Lair:5   | 12457 ||| PLANNING D:1-11
 12457 | Lair:5   | 12457 ||| UPGRADING to +1 pair of boots.
 12462 | Lair:5   | 12462 ||| DROPPING ring of see invisible.
 12463 | Lair:5   | 12463 ||| READING scroll labelled FESSEFFEFELL.
 12464 | Lair:5   | 12464 ||| READING 8 scrolls of identify.
 12464 | Lair:5   | 12464 ||| IDENTIFYING sapphire potion
 12465 | Lair:5   | 12465 ||| DROPPING potion of attraction.
 12599 | D:10     | Entered Level 10 of the Dungeon
 12700 | D:10     | You fall into a shaft and drop 2 floors!
 12765 | D:12     | Received a gift from Okawaru
 13060 | D:10     | 13060 ||| INVOKING Heroism.
 13324 | D:10     | Identified the +9 dagger "Oghyamn" {drain, rF+}
 13328 | D:10     | Noticed a stone giant
 13329 | D:10     | 13329 ||| INVOKING Heroism.
 13348 | D:10     | Killed a stone giant
 13349 | D:10     | 13349 ||| INVOKING Finesse.
 13408 | D:10     | 13408 ||| INVOKING Heroism.
 13409 | D:10     | 13409 ||| INVOKING Finesse.
 13500 | D:10     | 13500 ||| INVOKING Heroism.
 13573 | D:10     | 13573 ||| INVOKING Heroism.
 13649 | D:11     | 13649 ||| Stepping ~*~*~tactically~*~*~ (outnumbered).
 13728 | D:11     | Found a transporter.
 13816 | D:11     | Found a transporter.
 14225 | D:11     | 14225 ||| PLANNING D
 14225 | D:11     | 14225 ||| DROPPING +2 steam dragon scales.
 14377 | D:12     | 14377 ||| FLEEEEING.
 14393 | D:12     | 14393 ||| FLEEEEING.
 14399 | D:12     | 14399 ||| FLEEEEING.
 14400 | D:12     | 14400 ||| FLEEEEING.
 14414 | D:12     | 14414 ||| FLEEEEING.
 14886 | D:12     | 14886 ||| DROPPING ring of resist corrosion.
 14887 | D:12     | 14887 ||| READING 10 scrolls of identify.
 14887 | D:12     | 14887 ||| IDENTIFYING viscous yellow potion
 14918 | D:13     | 14918 ||| PLANNING GAUNTLET
 14928 | D:13     | 14928 ||| FLEEEEING.
 14929 | D:13     | 14929 ||| FLEEEEING.
 14932 | D:13     | 14932 ||| STAIRDANCE
 14977 | D:13     | 14977 ||| STAIRDANCE
 14987 | D:12     | Reached skill level 20 in Ranged Weapons
 15108 | D:13     | 15108 ||| READING scroll of enchant armour.
 15108 | D:13     | 15108 ||| ENCHANTING +1 pair of boots.
 15144 | D:13     | Noticed Rupert
 15144 | D:13     | 15144 ||| INVOKING Heroism.
 15145 | D:13     | 15145 ||| INVOKING Finesse.
 15173 | D:13     | Reached skill level 6 in Armour
 15178 | D:13     | Noticed Nessos
 15186 | D:13     | Killed Nessos
 15219 | D:13     | Paralysed by Rupert for 3 turns
 15227 | D:13     | Killed Rupert
 15238 | D:13     | Identified the scarf of Dishonour {repulsion, Harm rC+
                  | Str+6 Dex-5} (Okawaru gifted it to you on level 13 of the
                  | Dungeon)
 15238 | D:13     | Received a gift from Okawaru
 15242 | D:13     | Found a gate to the Vaults.
 15386 | D:13     | 15386 ||| INVOKING Finesse.
 15424 | D:13     | Found a gate leading to a gauntlet.
 15425 | D:13     | 15425 ||| DROPPING scarf of Dishonour {repulsion, Harm rC+
                  | Str+6 Dex-5}.
 15426 | D:13     | 15426 ||| DROPPING +0 cloak of stealth.
 15427 | D:13     | 15427 ||| DROPPING amulet of guardian spirit.
 15432 | Gauntlet | Entered a Gauntlet
 15432 | Gauntlet | Found a large runed translucent door.
 15432 | Gauntlet | Found a large runed translucent door.
 15432 | Gauntlet | Found a large runed translucent door.
 15432 | Gauntlet | Found a large runed translucent door.
 15432 | Gauntlet | Found a runed translucent door.
 15432 | Gauntlet | Found a large runed translucent door.
 15432 | Gauntlet | Found a large runed translucent door.
 15432 | Gauntlet | Found a transporter.
 15432 | Gauntlet | Found a transporter.
 15432 | Gauntlet | Found a large runed translucent door.
 15432 | Gauntlet | Found a large runed translucent door.
 15432 | Gauntlet | Found a runed translucent gate.
 15432 | Gauntlet | Found a runed translucent gate.
 15432 | Gauntlet | Found a transporter.
 15432 | Gauntlet | Found a transporter.
 15436 | Gauntlet | Found a transporter.
 15440 | Gauntlet | Found a runed translucent gate.
 15440 | Gauntlet | Found a runed translucent door.
 15441 | Gauntlet | Found a large runed translucent door.
 15441 | Gauntlet | Found a large runed translucent door.
 15446 | Gauntlet | Found a transporter.
 15477 | Gauntlet | Found a large runed translucent door.
 15477 | Gauntlet | Found a large runed translucent door.
 15480 | Gauntlet | Found a large runed translucent door.
 15480 | Gauntlet | Found a large runed translucent door.
 15481 | Gauntlet | Found a large runed translucent door.
 15482 | Gauntlet | Found a large runed translucent door.
 15511 | Gauntlet | Found a transporter.
 15521 | Gauntlet | Found a transporter.
 15537 | Gauntlet | Found a transporter.
 15552 | Gauntlet | Found a transporter.
 15563 | Gauntlet | Found a transporter.
 15569 | Gauntlet | Found a transporter.
 15650 | Gauntlet | 15650 ||| Stepping ~*~*~tactically~*~*~ (cloud).
 15651 | Gauntlet | 15651 ||| INVOKING Heroism.
 15788 | Gauntlet | Identified the +1 pair of gloves of Yhywosch {rF+ Str-3
                  | Dex+2}
 15790 | Gauntlet | 15790 ||| UPGRADING to +1 pair of gloves of Yhywosch {rF+
                  | Str-3 Dex+2}.
 15800 | Gauntlet | 15800 ||| DROPPING +2 pair of gloves.
 15801 | Gauntlet | 15801 ||| READING scroll labelled AGI IZICLOX.
 16058 | Gauntlet | 16058 ||| DROPPING +2 ring mail of cold resistance.
 16071 | Gauntlet | 16071 ||| INVOKING Heroism.
 16072 | Gauntlet | 16072 ||| INVOKING Finesse.
 16127 | Gauntlet | 16127 ||| READING 10 scrolls of identify.
 16127 | Gauntlet | 16127 ||| IDENTIFYING sedimented red potion
 16130 | D:13     | 16130 ||| PLANNING D
 16227 | D:13     | Reached XP level 15. HP: 138/138 MP: 21/21
 16646 | D:13     | Found a portal to a secret trove of treasure.
 16875 | D:14     | 16875 ||| INVOKING Heroism.
 16926 | D:14     | Identified the +2 ring mail of Kigikk {rElec}
 17114 | D:14     | 17114 ||| FLEEEEING.
 17159 | D:14     | Identified the +6 shortbow of Trial by Ordeal {heavy,
                  | Fragile rC++ rCorr Int+2}
 17228 | D:14     | Found a broken altar of Ashenzari.
 17253 | D:14     | 17253 ||| INVOKING Heroism.
 17292 | D:14     | Found Unui's Armour Shop.
 17298 | D:14     | 17298 ||| BUYING +1 pair of boots of the Resonant Frog {rC+
                  | Stlth+} (420 gold).
 17298 | D:14     | Bought the +1 pair of boots of the Resonant Frog {rC+
                  | Stlth+} for 420 gold pieces
 17442 | D:14     | 17442 ||| DROPPING +2 ring mail of Kigikk {rElec}.
 17443 | D:14     | 17443 ||| UPGRADING to +1 pair of boots of the Resonant
                  | Frog {rC+ Stlth+}.
 17466 | D:15     | Entered Level 15 of the Dungeon
 17680 | D:15     | Found a staircase to the Depths.
 17680 | D:15     | Noticed a fire giant
 17697 | D:15     | Killed a fire giant
 17708 | D:15     | 17708 ||| INVOKING Heroism.
 17723 | D:15     | 17723 ||| INVOKING Finesse.
 17739 | D:15     | Reached skill level 15 in Fighting
 17816 | D:15     | 17816 ||| DRINKING potion of cancellation.
 18223 | D:15     | 18223 ||| PLANNING ORC
 18367 | Orc:1    | Entered Level 1 of the Orcish Mines
 18368 | Orc:1    | 18368 ||| INVOKING Heroism.
 18425 | Orc:1    | Found a runed translucent gate.
 18593 | Orc:1    | Found a runed translucent gate.
 18593 | Orc:1    | Found an opulent altar of Gozag.
 18594 | Orc:1    | Found a runed translucent gate.
 18595 | Orc:1    | Noticed blexxed's ghost (journeyman DsFi)
 18646 | Orc:2    | Entered Level 2 of the Orcish Mines
 18741 | Orc:2    | 18741 ||| Stepping ~*~*~tactically~*~*~ (outnumbered).
 18863 | Orc:1    | 18863 ||| INVOKING Heroism.
 19141 | Orc:2    | Found a staircase to the Elven Halls.
 19324 | Orc:2    | Found Inicvi's Distillery.
 19330 | Orc:2    | Received a gift from Okawaru
 19340 | Orc:2    | Reached skill level 15 in Dodging
 19342 | Orc:2    | Found Rayrauk's Magic Scroll Boutique.
 19349 | Orc:2    | 19349 ||| INVOKING Heroism.
 19374 | Orc:2    | Gained mutation: Your magical capacity is low. (-10% MP) [a
                  | neqoxec]
 19438 | Orc:2    | 19438 ||| BUYING scroll of enchant armour (120 gold).
 19438 | Orc:2    | Bought a scroll of enchant armour for 120 gold pieces
 19438 | Orc:2    | 19438 ||| BUYING scroll of teleportation (48 gold).
 19438 | Orc:2    | Bought a scroll of teleportation for 48 gold pieces
 19440 | Orc:2    | 19440 ||| BUYING potion of curing (39 gold).
 19440 | Orc:2    | Bought a potion of curing for 39 gold pieces
 19440 | Orc:2    | 19440 ||| BUYING potion of heal wounds (65 gold).
 19440 | Orc:2    | Bought a potion of heal wounds for 65 gold pieces
 19440 | Orc:2    | 19440 ||| BUYING potion of might (52 gold).
 19440 | Orc:2    | Bought a potion of might for 52 gold pieces
 19458 | Orc:2    | 19458 ||| INVOKING Heroism.
 19459 | Orc:2    | Received a gift from Okawaru
 19511 | Orc:2    | 19511 ||| INVOKING Heroism.
 19537 | Orc:2    | 19537 ||| Stepping ~*~*~tactically~*~*~ (outnumbered).
 19547 | Orc:2    | 19547 ||| Stepping ~*~*~tactically~*~*~ (outnumbered).
 19557 | Orc:2    | 19557 ||| INVOKING Heroism.
 19564 | Orc:2    | 19564 ||| Stepping ~*~*~tactically~*~*~ (outnumbered).
 19607 | Orc:2    | Found Sugir's Book Emporium.
 19607 | Orc:2    | Found Lemoaq's Antique Weapon Shoppe.
 19608 | Orc:2    | Found a one-way gate leading to the halls of Pandemonium.
 19738 | Orc:2    | 19738 ||| PLANNING SWAMP:1-3
 19738 | Orc:2    | 19738 ||| DROPPING +1 ring mail of cold resistance.
 19979 | Swamp:1  | Entered Level 1 of the Swamp
 20039 | Swamp:1  | Noticed a tentacled monstrosity
 20040 | Swamp:1  | 20040 ||| INVOKING Heroism.
 20041 | Swamp:1  | 20041 ||| INVOKING Finesse.
 20047 | Swamp:1  | Killed a tentacled monstrosity
 20205 | Swamp:1  | Noticed Roxanne
 20206 | Swamp:1  | 20206 ||| INVOKING Heroism.
 20222 | Swamp:1  | Killed Roxanne
 20252 | Swamp:1  | Reached XP level 16. HP: 146/151 MP: 20/20
 20364 | Swamp:1  | Noticed a tentacled monstrosity
 20380 | Swamp:1  | 20380 ||| INVOKING Heroism.
 20387 | Swamp:1  | Killed a tentacled monstrosity
 20488 | Swamp:2  | 20488 ||| INVOKING Heroism.
 20601 | Swamp:2  | Noticed Nikola
 20602 | Swamp:2  | 20602 ||| INVOKING Heroism.
 20618 | Swamp:2  | Killed Nikola
 20732 | Swamp:2  | 20732 ||| INVOKING Heroism.
 20875 | Swamp:2  | 20875 ||| INVOKING Heroism.
 21012 | Swamp:2  | 21012 ||| INVOKING Heroism.
 21084 | Swamp:2  | Noticed Louise
 21085 | Swamp:2  | 21085 ||| INVOKING Heroism.
 21099 | Swamp:2  | Killed Louise
 21242 | Swamp:2  | 21242 ||| DROPPING +2 leather armour of poison resistance.
 21306 | Swamp:3  | 21306 ||| INVOKING Heroism.
 21329 | Swamp:3  | 21329 ||| INVOKING Finesse.
 21381 | Swamp:3  | 21381 ||| INVOKING Heroism.
 21401 | Swamp:3  | 21401 ||| READING scroll of acquirement.
 21401 | Swamp:3  | 21401 ||| ACQUIRING +6 longbow of Extermination {antimagic,
                  | rF- Dex+5}
 21401 | Swamp:3  | Acquired the +6 longbow of Extermination {antimagic, rF-
                  | Dex+5}
 21426 | Swamp:3  | 21426 ||| INVOKING Heroism.
 21574 | Swamp:3  | 21574 ||| Stepping ~*~*~tactically~*~*~ (water).
 21774 | Swamp:3  | 21774 ||| PLANNING SPIDER:1-3
 21869 | Spider:1 | Entered Level 1 of the Spider Nest
 21879 | Spider:1 | 21879 ||| STAIRDANCE
 21937 | Spider:1 | 21937 ||| STAIRDANCE
 22001 | Spider:1 | 22001 ||| Stepping ~*~*~tactically~*~*~ (outnumbered).
 22009 | Spider:1 | 22009 ||| FLEEEEING.
 22021 | Spider:1 | 22021 ||| STAIRDANCE
 22030 | Lair:3   | 22030 ||| Stepping randomly (disturbance).
 22040 | Lair:3   | Reached skill level 18 in Fighting
 22216 | Spider:1 | 22216 ||| INVOKING Heroism.
 22293 | Spider:1 | 22293 ||| INVOKING Finesse.
 22294 | Spider:1 | 22294 ||| INVOKING Heroism.
 22299 | Spider:1 | Received a gift from Okawaru
 22307 | Spider:1 | 22307 ||| Stepping ~*~*~tactically~*~*~ (outnumbered).
 22342 | Spider:1 | Blown up by an orb spider

Levels and vault maps discovered:
D:1:      dpeg_arrival_refuge, layout_loops_ring, minmay_misc_feat_x,
          minmay_shallow_snake_nest
D:2:      minmay_door_path, layout_basic, serial_shops, shop
D:3:      layout_loops_ring
D:4:      layout_basic, nicolae_gozag_cash_rules_everything_around_me,
          minmay_temple_entry_gardened_gates, gup_sewer_entry_spiral,
          roderic_cross_of_infinity
D:5:      layout_basic, nicolae_sif_muna_condensation, sigmund_edmund_badplayer
D:6:      layout_basic, vehumet_statue, gammafunk_temple_overflow_arena,
          mainiacjoe_overflow_boulevard
D:7:      layout_loops_ring, mainiacjoe_overflow_concentric_impassable,
          gammafunk_ghost_abyssal_escape
D:8:      layout_basic, nicolae_overflow_crystal_walls, serial_curves,
          eino_curves_04, eino_curves_02
D:9:      layout_roguey, mainiacjoe_overflow_tiny_flanked, david_lair_shrubbed,
          minivault_19, lightli_corner_chamber, uniq_gastronok
D:10:     minmay_bubble_buster, layout_rooms, kennysheep_island_fort
D:11:     gammafunk_sealed_arena, layout_basic
D:12:     layout_cave_pods, st_stairs_6
D:13:     layout_basic, david_vaults_3, enter_trove_6, gauntlet_entry_generic,
          minmay_starry_boxes
D:14:     layout_irregular_city, roderic_lattice_octagonal_star, serial_shops,
          shop, corner_web_ring, small_chamber_with_monster,
          cheibrodos_ashenzari_chains, uniq_rupert
D:15:     grunt_enter_depths_giant_problem, layout_loops_ring
Temple:   nicolae_temple_two_arcs
Lair:1:   layout_cave_shapes, gammafunk_ghost_grave, infiniplex_staircase_pool,
          serial_bayou_shore_b
Lair:2:   layout_regular_city, portal_ice_cave_entry_pillars_1, uniq_maggie
Lair:3:   layout_big_grid, palyth_hydra_swamp_entry,
          nicolae_spider_entry_non_spiders, ebering_ghost_rock_garden,
          minivault_26
Lair:4:   layout_loops_ring, nicolae_slime_entry_slimehenge,
          beast_lair_carwin_11, grunt_megastairs_3, uniq_urug
Lair:5:   hangedman_lair_caniforms_friends, layout_regular_city,
          gammafunk_ghost_hive, uniq_kirke
Swamp:1:  cheibrodos_swamp_monstrosity, layout_falls_marsh,
          evilmike_swamp_ruin_house_3, uniq_roxanne
Swamp:2:  layout_basic_swamp, hangedman_swamp_pad, uniq_nikola, uniq_louise
Swamp:3:  layout_basic_swamp, evilmike_swamp_ruin_rubble_2,
          infiniplex_staircase_pool_2
Spider:1: layout_spider_delve, nicolae_spider_bzzzt
Orc:1:    layout_diamond_mine, ebering_ghost_gozag
Orc:2:    pf_orc_diabolical, layout_diamond_mine

Skill      XL: |  1  2  3  4  5  6  7  8  9 10 11 12 13 14 15 16 |
---------------+-------------------------------------------------+-----
Ranged Weapons | 5 6 7 8 10 12 13 14 16 19 20 | 20.0
Fighting       | 3 4 5 6 8 10 11 12 14 16 18 | 18.0
Armour         | 1 3 4 6 7 8 |  8.1
Dodging        | 3 4 5 7 8 9 10 11 13 16 17 | 17.6
Invocations    | 1 3 4 5 9 10 | 10.0
Stealth        | |  0.7

Action                     |  1- 3 |  4- 6 |  7- 9 | 10-12 | 13-15 | 16-18 || total
---------------------------+-------+-------+-------+-------+-------+-------++-------
   Fire: Shortbow          |    82 |       |       |       |       |       ||    82
         Longbow           |    31 |   142 |   207 |   504 |  1656 |   375 ||  2915
 Invoke: Heroism           |       |     1 |    14 |    21 |    30 |    12 ||    78
         Finesse           |       |       |       |     5 |    11 |     2 ||    18
    Use: Scroll            |     4 |    11 |     5 |     7 |     6 |     1 ||    34
         Potion            |       |     2 |     1 |     1 |     1 |       ||     5
 Armour: Leather armour    |     8 |     1 |       |    23 |    59 |    32 ||   123
         Robe              |       |       |     3 |     6 |       |       ||     9
  Dodge: Dodged            |    36 |    11 |    41 |   153 |   232 |   114 ||   587

Table legend:
 A = Non-vault XP
 B = Vault XP
 C = Vault XP percentage of total XP
 D = Non-vault monster count
 E = Vault monster count
 F = Vault count percentage of total count
                 A         B        C        D         E       F
            +---------+---------+-------+---------+---------+-------
      Total |  135333 |   63283 |  31.9 |     562 |     231 |  29.1
            +---------+---------+-------+---------+---------+-------
        D:1 |      39 |       3 |   7.1 |      24 |       2 |   7.7
        D:2 |      61 |       8 |  11.6 |      18 |       3 |  14.3
        D:3 |      35 |       0 |   0.0 |      17 |       0 |   0.0
        D:4 |     355 |      49 |  12.1 |      26 |       7 |  21.2
        D:5 |     452 |     407 |  47.4 |       9 |       2 |  18.2
        D:6 |     557 |      32 |   5.4 |      14 |       1 |   6.7
        D:7 |    1045 |       0 |   0.0 |      23 |       0 |   0.0
        D:8 |    1887 |       0 |   0.0 |      24 |       0 |   0.0
        D:9 |    3329 |    1901 |  36.3 |      26 |       2 |   7.1
       D:10 |    2858 |    2904 |  50.4 |      16 |       9 |  36.0
       D:11 |    1613 |       0 |   0.0 |      12 |       0 |   0.0
       D:12 |    2901 |     534 |  15.5 |      11 |       1 |   8.3
       D:13 |    5873 |    8039 |  57.8 |       9 |      23 |  71.9
       D:14 |    6760 |     605 |   8.2 |      15 |       1 |   6.2
       D:15 |    8840 |    1269 |  12.6 |      16 |       1 |   5.9
     Lair:1 |    5230 |       0 |   0.0 |      19 |       0 |   0.0
     Lair:2 |    7910 |     398 |   4.8 |      34 |       1 |   2.9
     Lair:3 |   11212 |    4071 |  26.6 |      34 |      14 |  29.2
     Lair:4 |   11533 |    3445 |  23.0 |      28 |      11 |  28.2
     Lair:5 |   10027 |   12163 |  54.8 |      27 |      59 |  68.6
    Swamp:1 |    8852 |    3171 |  26.4 |      16 |       2 |  11.1
    Swamp:2 |   15217 |    3520 |  18.8 |      27 |       2 |   6.9
    Swamp:3 |   11060 |       0 |   0.0 |      19 |       0 |   0.0
   Spider:1 |   10333 |       0 |   0.0 |      31 |       0 |   0.0
      Orc:1 |    6078 |       0 |   0.0 |      36 |       0 |   0.0
      Orc:2 |    1276 |   16013 |  92.6 |      31 |      67 |  68.4
      Sewer |       0 |      63 | 100.0 |       0 |       6 | 100.0
   Gauntlet |       0 |    4688 | 100.0 |       0 |      17 | 100.0
            +---------+---------+-------+---------+---------+-------
